 Dungeon Crawl Stone Soup version 0.30.1-4-g462c640d31 (webtiles) character file.

Game seed: 8302473801169306770

2620 Zeor the Thaumaturge (level 9, -1/63 HPs)
             Began as a Djinni Air Elementalist on Aug 22, 2023.
             Was a Follower of Okawaru.
             Killed by their own static electricity (3 damage)
             ... on level 7 of the Dungeon.
             The game lasted 00:28:31 (6493 turns).

Zeor the Thaumaturge (Djinni Air Elementalist)      Turns: 6493, Time: 00:28:32

Health: -1/63      AC:  9    Str:  7    XL:     9   Next: 91%
Gold:   55         EV: 12    Int: 21    God:    Okawaru [*.....] SH:  0 Dex: 17

rFire   + + .        a - +6 quarterstaff "Honk" {flame, rPois rN+ Int+3}
rCold   x . .        (shield currently unavailable)
rNeg    + . .        s - +0 troll leather armour {Pargi}
rPois   ∞            x - +1 hat
rElec   .            (no cloak)
rCorr   .            (no gloves)
SInv    .            (boots unavailable)
Will    +....        (no amulet)
Stlth   ++           g - +4 ring of protection
HPRegen 1.10/turn    p - ring of willpower
MPRegen 0.00/turn

%: infuse magic (-2 HP)
@: flying, studying Invocations
A: sickness immunity, fire resistance 2, cold vulnerability 1, float, innate
caster, HP casting, extra vitality 1
a: Renounce Religion, Heroism


You were on level 7 of the Dungeon.
You worshipped Okawaru.
Okawaru was aware of your devotion.
You visited 2 branches of the dungeon, and saw 8 of its levels.
You also visited: Sewer.

You collected 368 gold pieces.
You spent 313 gold pieces at shops.

Inventory:

Hand Weapons
 a - the +6 quarterstaff "Honk" (weapon) {flame, rPois rN+ Int+3}
   (You bought it in a shop on level 5 of the Dungeon)

   Int:       It affects your intelligence (+3).
   rPois:     It protects you from poison.
   rN:        It protects you from negative energy.
 c - a +0 dagger
 j - a +3 vampiric dagger
Armour
 i - a +2 robe of willpower
 s - a +0 troll leather armour (worn) {Pargi}
 x - a +1 hat (worn)
Magical Staves
 h - a staff of death
Jewellery
 g - a +4 ring of protection (left hand)
 l - a ring of fire
 p - a ring of willpower (right hand)
Wands
 v - a wand of flame (17)
Scrolls
 d - 3 scrolls of poison
 e - 5 scrolls of teleportation
 f - a scroll of fear
 o - 2 scrolls of enchant weapon
 t - a scroll of magic mapping {unknown}
 u - a scroll of fog {unknown}
 w - a scroll of vulnerability
Potions
 b - 3 potions of lignification
 k - a potion of ambrosia
 m - a potion of curing
 q - 2 potions of brilliance
 r - a potion of might


   Skills:
 * Level 4.4 Fighting
 + Level 1.1 Short Blades
 * Level 2.4 Staves
 + Level 0.9 Armour
 + Level 3.1 Dodging
 + Level 3.4 Stealth
 * Level 8.4 Spellcasting
 * Level 1.5 Invocations


You knew the following spells:

 Your Spells              Type           Power      Damage    Failure   Level
a - Airstrike             Air            22%        2d(4-20)  3%          4
b - Blink                 Tloc           88%        N/A       1%          2
c - Cause Fear            Hex            22%        N/A       3%          4
d - Static Discharge      Conj/Air       88%        2-6/arc   1%          2
f - Swiftness             Air            44%        N/A       1%          3
k - Kiss of Death         Conj/Necr      100%       2d13      1%          1
s - Scorch                Fire           88%        2d8       1%          2
z - Shock                 Conj/Air       100%       1d9       1%          1
Your spell library was empty.

Dungeon Overview and Level Annotations

Branches:
Dungeon (7/15)             Temple (1/1) D:6           Sewer (visited)

Altars:
Ashenzari
Cheibriados
Dithmenos
Elyvilon
Fedhas
Gozag
Hepliaklqana
Makhleb
Nemelex Xobeh
Okawaru
Ru
Uskayaw
Wu Jian
Xom
Zin
The Shining One

Shops:
D:1 !   D:5 (   D:6 *

Annotations:
D:3 1 runed translucent door, Crazy Yiuf
D:6 Sigmund
Temple 2 transporters


Innate Abilities, Weirdness & Mutations

You are immune to sickness and miasma.
You are immune to poison.
Your flesh is very heat resistant. (rF++)
You are vulnerable to cold. (rC-)
You float through the air rather than walking.
You learn spells naturally, not from books.
Your magical power is your life essence.
You have superior vitality. (+4 MHP)


Message History

The wight completely misses you.
A wight comes into view. It is wielding a +3 flail of venom.
The wight misses you. The wight barely misses you.
The wight hits you with a +0 mace.
You thump the wight! You burn the wight.
You destroy the wight!
Okawaru accepts your kill. The wight barely misses you. The wight misses you.
You hit the wight but do no damage. The wight misses you.
The wight closely misses you. x2
You closely miss the wight.
The wight is heavily damaged.
The wight misses you.
The wight hits you with a +3 flail of venom!
The wight hits you but does no damage.
You sock the wight! You burn the wight.
You destroy the wight!
Okawaru accepts your kill. The wight hits you but does no damage.
The wight hits you with a +3 flail of venom!
You hit the wight. You burn the wight.
The wight is moderately damaged.
The wight misses you.
The wight hits you with a +3 flail of venom!
* * * LOW HITPOINT WARNING * * *
The wight hits you with a +3 flail of venom.
* * * LOW HITPOINT WARNING * * *
The wight hits you with a +0 dagger.
* * * LOW HITPOINT WARNING * * *
Casting: Scorch (safe; 1% risk of failure)
Confirm with . or Enter, or press ? or * to list all spells.
The wight is struck by an arc of lightning!
The wight is heavily damaged.
You are struck by an arc of lightning.
* * * LOW HITPOINT WARNING * * *
The lightning grounds out.
The wight is struck by an arc of lightning.
The wight is severely damaged.
You are struck by an arc of lightning.
You die... ▒▒ ∙ ∙∙▒▒▒∙ ∙ ∙▒▒ ∙∙∙∙∙∙∙ ∙∙ ∙∙▒▒ ∙∙∙∙ ▒∙∙ ∙∙∙ ▒∙∙▒▒∙∙∙ ▒∙ ∙∙∙∙ ▒▒∙∙∙∙∙▒ ▒▒ ∙∙∙∙∙

▒▒▒▒▒∙∙∙∙∙∙▒▒ ▒
▒∙∙∙∙∙▒)∙∙∙∙∙∙∙∙∙∙▒
▒
▒∙∙∙∙zRz∙∙▒∙∙▒▒∙∙▒▒
▒∙∙∙∙∙∙∙▒▒▒∙∙▒ ∙▒▒
▒∙∙∙∙∙∙∙▒▒ ▒∙∙▒ ∙∙∙
∙∙∙∙∙∙∙∙▒ ▒∙∙▒ ∙∙▒
∙∙∙▒∙∙∙∙▒ ▒∙∙▒∙∙▒
▒▒ ▒▒
▒▒∙∙∙▒▒▒▒∙∙∙∙▒ ▒∙
▒∙∙∙∙▒▒∙∙∙∙∙▒ ▒∙
▒▒∙∙∙∙▒∙∙∙∙▒▒ ▒∙
▒∙∙∙∙∙∙∙∙∙▒ ▒∙


You could see 2 wights.

Vanquished Creatures
  Grinder (D:3)
  A wyvern (D:6)
  A steam dragon (D:6)
  3 water moccasins (D:6)
  Pargi (Sewer)
  An ice beast (D:5)
  3 black bears
  2 centaurs (D:7)
  A phantom (D:5)
  A bullfrog (D:6)
  3 scorpions
  6 wights
  2 hounds
  4 orc priests
  2 jellies
  Jessica (D:3)
  A sleepcap (D:6)
  2 iguanas (D:5)
  Natasha (D:2)
  An orc wizard (D:5)
  A gnoll (D:1)
  4 adders
  A river rat (D:6)
  2 shadow imps
  6 white imps
  A worm (D:3)
  3 dart slugs
  8 orcs
  4 endoplasms
  3 giant cockroaches
  9 goblins
  6 hobgoblins
  3 jackals (D:1)
  4 quokkas
  5 ball pythons
  5 bats
  10 frilled lizards
  4 kobolds
  10 rats
127 creatures vanquished.

Vanquished Creatures (collateral kills)
  A giant cockroach (D:1)
1 creature vanquished.

Grand Total: 128 creatures vanquished

Notes
Turn   | Place    | Note
-------+----------+-------------------------------------------
     0 | D:1      | Zeor the Djinni Air Elementalist began the quest for the
                  | Orb.
     0 | D:1      | Zeor set off with the following spells memorised: Shock,
                  | Static Discharge, Swiftness, Airstrike.
     0 | D:1      | Reached XP level 1. HP: 15/15 MP: 0/0
   231 | D:1      | Reached XP level 2. HP: 19/22 MP: 0/0
   433 | D:1      | Reached XP level 3. HP: 4/26 MP: 0/0
   433 | D:1      | Learned a level 1 spell: Kiss of Death
   600 | D:1      | Found Dabream's Distillery.
   693 | D:1      | Reached skill level 3 in Spellcasting
  1898 | D:2      | Reached XP level 4. HP: 28/31 MP: 0/0
  1953 | D:2      | Noticed Natasha
  1962 | D:2      | Killed Natasha
  1963 | D:2      | Reached skill level 1 in Fighting
  2394 | D:3      | Noticed Jessica
  2397 | D:3      | Killed Jessica
  2398 | D:3      | Reached XP level 5. HP: 37/37 MP: 0/0
  2398 | D:3      | Learned a level 2 spell: Scorch
  2594 | D:3      | Noticed Grinder
  2616 | D:3      | Killed Grinder
  2617 | D:3      | Reached skill level 4 in Spellcasting
  2617 | D:3      | Reached XP level 6. HP: 33/43 MP: 0/0
  2902 | D:3      | Found a runed translucent door.
  2903 | D:3      | Noticed Crazy Yiuf
  2972 | D:4      | Reached skill level 1 in Short Blades
  2985 | D:4      | Reached XP level 7. HP: 36/49 MP: 0/0
  2985 | D:4      | Learned a level 2 spell: Blink
  3352 | D:4      | Found an ornate altar of the Wu Jian Council.
  3413 | D:4      | Reached skill level 5 in Spellcasting
  3469 | D:5      | Entered Level 5 of the Dungeon
  3841 | D:5      | Reached XP level 8. HP: 50/56 MP: 0/0
  4235 | D:5      | Reached skill level 6 in Spellcasting
  4558 | D:5      | Found Qashra Syd's Antique Weapon Shoppe.
  4799 | D:6      | Noticed Sigmund
  4811 | D:6      | Found Naises's General Store.
  4817 | D:6      | Bought a scroll of identify for 26 gold pieces
  4817 | D:6      | Bought a scroll of identify for 26 gold pieces
  4870 | D:6      | Reached skill level 7 in Spellcasting
  4986 | D:6      | Noticed a wyvern
  4994 | D:6      | Killed a wyvern
  4995 | D:6      | Reached XP level 9. HP: 50/61 MP: 0/0
  4995 | D:6      | Learned a level 4 spell: Cause Fear
  5095 | D:6      | Found a glowing drain.
  5100 | Sewer    | Entered a sewer
  5227 | Sewer    | Noticed Pargi
  5241 | Sewer    | Killed Pargi
  5482 | D:5      | Bought a masterwork quarterstaff for 261 gold pieces
  5482 | D:5      | Identified the +6 quarterstaff "Honk" {flame, rPois rN+
                  | Int+3} (You bought it in a shop on level 5 of the Dungeon)
  5584 | D:6      | Found a staircase to the Ecumenical Temple.
  5591 | Temple   | Entered the Ecumenical Temple
  5591 | Temple   | Found a transporter.
  5591 | Temple   | Found a transporter.
  5593 | Temple   | Found a transporter.
  5593 | Temple   | Found a transporter.
  5642 | Temple   | Became a worshipper of Warmaster Okawaru
  5778 | D:6      | Reached skill level 8 in Spellcasting
  5900 | D:6      | Reached skill level 1 in Staves
  5951 | D:6      | Reached skill level 1 in Invocations
  6290 | D:7      | Reached * piety under Okawaru
  6493 | D:7      | HP: 2/63 [/static electricity (1)]
  6493 | D:7      | Killed from afar by themself

Illustrated notes

Levels and vault maps discovered:
D:1:      heliophobic_arrival_henge, layout_loops_corners, serial_shops,
          nicolae_shop_statue_plus
D:2:      layout_basic, minmay_fountain_box, uniq_natasha
D:3:      layout_rooms, grunt_ministairs_8, uniq_jessica,
          uniq_crazy_yiuf_cottage, uniq_grinder
D:4:      layout_rooms, lemuel_tele_altar, palyth_stone_intersect,
          kennysheep_generic_room_10
D:5:      layout_basic, serial_shops, shop, nicolae_kite_square_tiling_tiny
D:6:      layout_loops_ring, temple_statues, serial_shops, shop,
          portal_sewer_entry_e, serial_bayou, serial_bayou_pond_e,
          serial_bayou_ford_a, serial_bayou_pond_e, serial_bayou_pond_a,
          minmay_fractal_squares_5, uniq_sigmund
D:7:      layout_layer_cave, chequers_serial_rivers_micro_d,
          minmay_misc_feat_rows, minmay_manual_mares
Temple:   hellmonk_temple_divided_pantheon

Skill      XL: |  1  2  3  4  5  6  7  8  9 |
---------------+----------------------------+-----
Spellcasting   | 3 4 5 7 8 |  8.4
Fighting       | 1 2 3 4 |  4.4
Stealth        | 2 3 |  3.4
Short Blades   | 1 |  1.1
Dodging        | 3 |  3.1
Staves         | 2 |  2.4
Invocations    | 1 |  1.5
Armour         | |  0.9

Action                     |  1- 3 |  4- 6 |  7- 9 || total
---------------------------+-------+-------+-------++-------
  Melee: Dagger            |    16 |    10 |     9 ||    35
         Quarterstaff      |       |       |    38 ||    38
   Cast: Shock             |    45 |    18 |    53 ||   116
         Static Discharge  |    15 |     7 |    11 ||    33
         Scorch            |       |    10 |    60 ||    70
         Airstrike         |       |       |    11 ||    11
         Swiftness         |       |       |     2 ||     2
         Kiss of Death     |       |       |     1 ||     1
    Use: Scroll            |     7 |     3 |     7 ||    17
         Potion            |       |     1 |     1 ||     2
   Stab: Sleeping          |     5 |     5 |     4 ||    14
 Armour: Robe              |    10 |     5 |    10 ||    25
         Troll leather arm |       |       |    19 ||    19
  Dodge: Dodged            |    22 |     9 |    69 ||   100
